 Dungeon Crawl Stone Soup version 0.26-a0-683-g5206c1d7ac (webtiles) character file.

Game seed: 7941776657057711355

126 strifetoe the Chopper (level 4, -6/40 HPs)
             Began as a Palentonga Fighter on Oct 23, 2020.
             Mangled by Eustachio
             ... wielding a +2 falchion of electrocution
              (13 damage)
             ... on level 4 of the Dungeon.
             The game lasted 00:02:13 (2677 turns).

strifetoe the Chopper (Palentonga Fighter)          Turns: 2677, Time: 00:02:13

Health: -6/40      AC: 10    Str: 21    XL:     4   Next: 83%
Magic:  4/4        EV:  1    Int:  8    God:
Gold:   175        SH:  8    Dex:  9    Spells: 3/3 levels left

rFire    . . .     SeeInvis +   a - +0 war axe
rCold    . . .     Faith    .   c - +0 kite shield
rNeg     . . .     Spirit   .   l - +0 plate armour
rPois    .         Reflect  .   n - +0 helmet
rElec    .         Harm     .   (no cloak)
rCorr    .         Rampage  .   (no gloves)
MR       +....                  (no barding)
Stlth    ..........             (no amulet)
HPRegen  0.13/turn              j - ring of protection from magic
MPRegen  0.09/turn              (no ring)

@: mighty
A: large, rugged brown scales 3, see invisible, deformed body, roll, armoured
tail
a: Rolling Charge


You were on level 4 of the Dungeon.
You visited 1 branch of the dungeon, and saw 4 of its levels.

You collected 175 gold pieces.

Inventory:

Hand Weapons
 a - a +0 war axe (weapon)
Armour
 b - a +0 scale mail
 c - a +0 kite shield (worn)
 l - a +0 plate armour (worn)
 n - a +0 helmet (worn)
Jewellery
 j - a ring of protection from magic (left hand)
 o - an uncursed ring of positive energy {unknown}
Scrolls
 e - 5 scrolls of identify {unknown}
 g - a scroll of random uselessness {unknown}
 i - 7 scrolls of teleportation {unknown}
 k - a scroll of amnesia {unknown}
 m - a scroll of noise {unknown}
 p - a scroll of magic mapping {unknown}
 q - a scroll of remove curse {unknown}
Potions
 f - a potion of brilliance {unknown}
 h - a potion of invisibility {unknown}


   Skills:
 - Level 3.0 Fighting
 + Level 5.1 Axes
 - Level 2.4 Armour
 - Level 2.4 Shields


You had 3 spell levels left.
You didn't know any spells.
Your spell library was empty.

Dungeon Overview and Level Annotations

Branches:
Dungeon (4/15)
 Temple: D:4-7

Altars:
Qazlal

Annotations:
D:3 exclusion: downstairs
D:4 1 runed translucent door, Crazy Yiuf, Eustachio


Innate Abilities, Weirdness & Mutations

You are completely covered in rugged brown scales. (AC +3, +7% HP)
You have supernaturally acute eyesight. (SInv)
Armour fits poorly on your strangely shaped body.
You can roll at foes to attack.
You have a long armoured tail.


Message History

* * * LOW HITPOINT WARNING * * *
The ufetubus hits you but does no damage.
You slice the ufetubus!!
You kill the ufetubus!
You hit Eustachio.
Eustachio mumbles some strange words.
You slash the crimson imp!
You kill the crimson imp!
Your shield and plate armour prevent you from hitting Eustachio.
Eustachio hits you with a +2 falchion of electrocution.
* * * LOW HITPOINT WARNING * * *
Eustachio hits you but does no damage.
The crimson imp hits you but does no damage.
You see here a wand of digging (6).
Your shield and plate armour prevent you from hitting the crimson imp.
Your tail-slap misses the crimson imp.
You miss Eustachio.
Eustachio gestures wildly while chanting.
You block the crimson imp's attack. Eustachio hits you but does no damage.
You are electrocuted!
You die...

##.........5..#
##...........## ##
#...#######..# #. ##..# #..#
##.. #..## #..## ###...# #...#
#...##.......## ##..#
#........##..<### #..##
#.b...# ##....### # #...#
##@@.### ###...##
....##..####..5## ##....
................## ##...##
##...............## ####....#
##...##...###....#####.......#
#...# #...# ##............##.#
#...# #...# ##........#####..#
..## #...# ##.....### #..# .#
##..# ##..### #..#


You could see Eustachio, a crimson imp (summoned) and a bat (summoned).

Vanquished Creatures
  Terence (D:2)
  A gnoll (D:1)
  3 adders
  2 worms
  2 dart slugs
  A leopard gecko (D:1)
  2 orcs (D:3)
  6 giant cockroaches
  3 goblins
  6 hobgoblins
  A quokka (D:2)
  9 bats
  A frilled lizard (D:1)
  5 kobolds
  8 rats
51 creatures vanquished.

Notes
Turn   | Place    | Note
-------+----------+-------------------------------------------
     0 | D:1      | strifetoe the Palentonga Fighter began the quest for the
                  | Orb.
     0 | D:1      | Reached XP level 1. HP: 20/20 MP: 1/1
   226 | D:1      | Reached XP level 2. HP: 19/27 MP: 2/2
   354 | D:1      | Reached skill level 3 in Axes
   794 | D:1      | Reached XP level 3. HP: 32/33 MP: 3/3
  1230 | D:2      | Reached skill level 4 in Axes
  1348 | D:2      | Noticed Terence
  1360 | D:2      | Killed Terence
  1360 | D:2      | Reached XP level 4. HP: 25/40 MP: 4/4
  1767 | D:2      | Found a stormy altar of Qazlal.
  1970 | D:3      | Reached skill level 5 in Axes
  2336 | D:4      | Found a runed translucent door.
  2337 | D:4      | Noticed Crazy Yiuf
  2370 | D:4      | Noticed Eustachio
  2677 | D:4      | Mangled by Eustachio

Illustrated notes

Levels and vault maps discovered:
D:1:      dpeg_arrival_brainrot, layout_basic
D:2:      layout_basic, lemuel_coloured_pillars_altar, uniq_terence
D:3:      cheibrodos_old_hovel, layout_loops_ring
D:4:      layout_layer_cave, nicolae_qazlal_eye_of_the_storm, uniq_sigmund,
          uniq_eustachio, uniq_crazy_yiuf_cottage

Skill      XL: |  1  2  3  4 |
---------------+-------------+-----
Axes           | 3 4 5 |  5.1
Fighting       | |  3.0
Armour         | |  2.4
Shields        | |  2.4

Action                   |  1- 3 |  4- 6 || total
-------------------------+-------+-------++-------
Melee: War axe           |   112 |    66 ||   178
       Tailslap          |    15 |       ||    15
  Use: Potion            |       |     1 ||     1
Armor: Scale mail        |    19 |       ||    19
       Plate armour      |    42 |    73 ||   115
Dodge: Dodged            |    23 |     5 ||    28
Block: Kite shield       |    44 |    31 ||    75

Table legend: (Time is in decaauts)
 A = Elapsed time spent in this place.
 B = Non-inter-level travel time spent in this place.
 C = Inter-level travel time spent in this place.
 D = Time resting spent in this place.
 E = Time spent auto-exploring this place.
 F = Levels seen in this place.
 G = Mean time per level.
                   A        B        C        D        E       F      G
               +--------+--------+--------+--------+--------+-----+--------+
         Total |   2743 |   2627 |    116 |    402 |   1795 |   4 |  685.8 |
       Dungeon |   2743 |   2627 |    116 |    402 |   1795 |   4 |  685.8 |
               +--------+--------+--------+--------+--------+-----+--------+

Top non-repeatable levels by time:
     D:1: 1069 daAuts
     D:2: 800 daAuts
     D:3: 757 daAuts
     D:4: 116 daAuts
